 Dungeon Crawl Stone Soup version 0.22-a0-429-g97ce8ef (webtiles) character file.

120 Gorglomux the Sneak (level 4, -4/24 HPs)
             Began as a Spriggan Berserker on May 25, 2018.
             Slain by a polar bear (5 damage)
             ... created by the rage of Trog
             ... on level 2 of the Dungeon.
             The game lasted 00:04:37 (1786 turns).

Gorglomux the Sneak (Spriggan Berserker)            Turns: 1786, Time: 00:04:38

Health: -4/24      AC:  2    Str: 12 (14) XL:     4   Next: 75%
Magic:  5/5        EV: 19    Int:  8      God:
Gold:   108        SH:  0    Dex: 15      Spells: 3/3 levels left

rFire    . . .     SeeInvis +   k - +1 dagger (drain)
rCold    . . .     Gourm    .   (shield restricted)
rNeg     . . .     Faith    .   b - +0 animal skin
rPois    .         Spirit   .   (helmet restricted)
rElec    .         Reflect  .   (no cloak)
rCorr    .         Harm     .   (gloves unavailable)
MR       .....                  (boots unavailable)
Stlth    ++........             (no amulet)
HPRegen  0.08/turn              d - ring of loudness
MPRegen  0.09/turn              (no ring)

@: very quick
A: very small, unfitting armour, see invisible, herbivore, speed 3, slow
metabolism 2
a: no special abilities


You were on level 2 of the Dungeon.
You were not hungry.

You visited 1 branch of the dungeon, and saw 3 of its levels.

You collected 108 gold pieces.

Inventory:

Hand Weapons
 a - a +0 short sword
 k - a +1 dagger of draining (weapon)
 p - a +0 fustibalus
Missiles
 h - 6 tomahawks (quivered)
 i - 96 stones
Armour
 b - a +0 animal skin (worn)
Jewellery
 d - a ring of loudness (left hand)
Scrolls
 m - a scroll of magic mapping {unknown}
 o - 2 scrolls of fear
 R - 2 scrolls of identify
Potions
 e - a potion of ambrosia {unknown}
 f - a potion of heal wounds {unknown}
 j - a potion of brilliance {unknown}
 n - 3 potions of might {unknown}
Comestibles
 c - 4 rations


   Skills:
 + Level 3.5 Fighting
 - Level 3.2 Short Blades
 - Level 4.4 Dodging
 - Level 5.2 Stealth


You had 3 spell levels left.
You didn't know any spells.
Your spell library was empty.

Dungeon Overview and Level Annotations

Branches:
Dungeon (3/15)

Altars:


Innate Abilities, Weirdness & Mutations

You are very small and have problems with some larger weapons.
You are too small for most types of armour.
You have supernaturally acute eyesight. (SInv)
You are a herbivore.
You cover ground extremely quickly.
You need to consume almost no food.


Message History

As you read the scroll labeled EHIUCS UGIRPH, it crumbles to dust!
It is a scroll of identify!
o - 3 butts of fear;
R - 2 scrolls of identify
As you read the scroll of fear, it crumbles to dust!
You assume a fearsome visage!
The polar bear completely misses you! The polar bear claws you!
The polar bear barely misses you! The black bear misses you!
The black bear barely misses you! The black bear claws you!
Unknown command!
As you read the scroll labeled IGYULO PUANO, it crumbles to dust!
You feel as if something is helping you!
It was a scroll of remove curse!
The black bear closely misses you! The black bear completely butts you!
The black bear barely misses you! The polar bear bites you!!!!!!
DANG; * * * don't die
* * * The polar bear barely misses you!
The polar bear misses you! x2
The polar bear claws you! * * * don't die
* * * The polar bear claws you! rip

% #.## # #....
############h#
#....#######
#.......hh@hh#
#........
#.############
#hh.h.. #>#
#h##### #.#
#h# #.# #.#
#.# ####h####
#.# #.......#
#.# #.#####.#
#.# # #...#


You could see 3 polar bears and 2 black bears.

Vanquished Creatures
  4 gnolls
  2 adders (D:2)
  An ooze (D:1)
  A worm (D:2)
  3 dart slugs
  2 ball pythons
  5 bats
  A giant cockroach (D:2)
  7 goblins
  7 hobgoblins
  2 jackals (D:1)
  A quokka (D:3)
  3 frilled lizards
  2 kobolds (D:1)
  9 rats
50 creatures vanquished.

Notes
Turn   | Place    | Note
-------+----------+-------------------------------------------
     0 | D:1      | Gorglomux the Spriggan Berserker began the quest for the Orb.
     0 | D:1      | Reached XP level 1. HP: 11/11 MP: 2/2
     0 | D:1      | Fell from the grace of Trog
    42 | D:1      | Reached skill level 1 in Stealth
   124 | D:1      | Reached skill level 2 in Stealth
   145 | D:1      | Reached skill level 3 in Stealth
   145 | D:1      | Reached XP level 2. HP: 14/16 MP: 3/3
   334 | D:1      | Reached skill level 4 in Stealth
   485 | D:1      | Reached XP level 3. HP: 15/19 MP: 4/4
   587 | D:1      | Noticed a black bear
   587 | D:1      | Noticed a polar bear
   587 | D:1      | Noticed a black bear
   587 | D:1      | Noticed a black bear
   717 | D:2      | Reached skill level 5 in Stealth
   866 | D:2      | Reached XP level 4. HP: 23/23 MP: 5/5
   904 | D:2      | Noticed a polar bear
   904 | D:2      | Noticed a polar bear
   904 | D:2      | Noticed a black bear
   904 | D:2      | Noticed a polar bear
   904 | D:2      | Noticed a polar bear
  1010 | D:2      | Reached skill level 3 in Fighting
  1784 | D:2      | Noticed a polar bear
  1784 | D:2      | Noticed a black bear
  1784 | D:2      | Noticed a polar bear
  1784 | D:2      | Noticed a black bear
  1784 | D:2      | Noticed a polar bear
  1786 | D:2      | HP: 1/24 [polar bear[the rage of Trog] (2)]
  1786 | D:2      | Slain by a polar bear

Vault maps used:
D:1:      dpeg_arrival_ratfight
D:3:      gup_sewer_entry_glass, first_ration

Skill      XL: |  1  2  3  4 |
---------------+-------------+-----
Stealth        | 3 4 5 |  5.2
Fighting       | 3 |  3.5
Short Blades   | |  3.2
Dodging        | |  4.4

Action                   |  1- 3 |  4- 6 || total
-------------------------+-------+-------++-------
Melee: Short sword       |    86 |       ||    86
       Dagger            |    25 |    81 ||   106
Throw: Tomahawk          |     9 |       ||     9
Invok: Renounce Religion |     1 |       ||     1
  Use: Scroll            |     1 |     3 ||     4
 Stab: Sleeping          |       |     2 ||     2
Armor: Animal skin       |     9 |    10 ||    19
Dodge: Dodged            |    98 |    68 ||   166

Table legend:
 A = Spawn XP
 B = Non-spawn XP
 C = Spawn XP percentage of total XP
 D = Spawn monster count
 E = Non-spawn monster count
 F = Spawn count percentage of total count
 G = Total turns spent on level
                    A         B        C        D         E        F      G
               +---------+---------+-------+---------+---------+-------+---------
         Total |       0 |     172 |   0.0 |       0 |      50 |   0.0 |  1786
               +---------+---------+-------+---------+---------+-------+---------
           D:1 |       0 |      63 |   0.0 |       0 |      25 |   0.0 |   805
           D:2 |       0 |      94 |   0.0 |       0 |      16 |   0.0 |   432
           D:3 |       0 |      15 |   0.0 |       0 |       9 |   0.0 |   549
               +---------+---------+-------+---------+---------+-------+---------
